 Dungeon Crawl Stone Soup version 0.29.0-13-gc9e81de378 (webtiles) character file.

Game seed: 4385315097930504745

387 Frenzy the Chopper (level 6, 0/56 HPs)
             Began as a Hill Orc Chaos Knight on Sept 7, 2022.
             Was a Plaything of Xom.
             Killed by divine providence
             ... invoked by an orc priest
              (11 damage)
             ... on level 4 of the Dungeon.
             The game lasted 00:14:39 (2266 turns).

Frenzy the Chopper (Hill Orc Chaos Knight)          Turns: 2266, Time: 00:14:40

Health: 0/56       AC:  9    Str: 17    XL:     6   Next: 78%
Magic:  0/6        EV:  5    Int: 12    God:    Xom [*.....]
Gold:   51         SH:  0    Dex: 10    Spells: 5/5 levels left

rFire   . . .      SeeInvis .   m - +0 war axe
rCold   . . .      Faith    .   (no shield)
rNeg    . . .      Spirit   +   e - +0 plate armour
rPois   .          Reflect  .   (no helmet)
rElec   .          Harm     .   (no cloak)
rCorr   .          Rampage  .   (no gloves)
Will    .....                   j - +1 pair of boots {Fly}
Stlth   ..........              f - amulet of guardian spirit
HPRegen 0.18/turn               (no ring)
MPRegen 0.10/turn               (no ring)

@: confused, flying
A: deformed body
a: Renounce Religion, Convert to Beogh


You were on level 4 of the Dungeon.
You worshipped Xom.
You were a special plaything of Xom.
You visited 1 branch of the dungeon, and saw 4 of its levels.

You collected 51 gold pieces.

Inventory:

Hand Weapons
 a - a +0 hand axe of venom
 l - a +0 scythe
 m - a +0 war axe (weapon)
Missiles
 h - 4 throwing nets
Armour
 b - a +2 leather armour
 e - a +0 plate armour (worn)
 j - a +1 pair of boots of flying (worn)
Jewellery
 f - an amulet of guardian spirit (around neck)
Wands
 n - a wand of polymorph (13)
Scrolls
 k - a scroll of magic mapping {unknown}
 p - a scroll of identify {unknown}
Potions
 d - a potion of curing {unknown}
 g - a potion of resistance {unknown}
 i - a potion of cancellation {unknown}
 o - a potion of mutation {unknown}
Miscellaneous
 c - a piece from Xom's chessboard (15/15) (quivered)


   Skills:
 + Level 5.2 Fighting
 + Level 6.5 Axes
 + Level 4.7 Armour
 + Level 1.5 Dodging
 + Level 0.3 Stealth


You had 5 spell levels left.
You didn't know any spells.
Your spell library contained the following spells:

 Spells                   Type           Power      Damage    Failure   Level
 Summon Small Mammal      Summ           0%         N/A       100%        1
 Gell's Gravitas          Tloc           0%         N/A       100%        3
 Lesser Beckoning         Tloc           0%         N/A       100%        3
 Portal Projectile        Hex/Tloc       0%         N/A       100%        3
 Teleport Other           Tloc           0%         N/A       100%        3
 Tukima's Dance           Hex            0%         N/A       100%        3
 Blade Hands              Tmut           0%         N/A       100%        5


Dungeon Overview and Level Annotations

Branches:
Dungeon (4/15)
 Temple: D:4-7

Altars:
Xom
Beogh

Shops:
D:1 [   D:3 (:*


Innate Abilities, Weirdness & Mutations

Armour fits poorly on your strangely shaped body.


Message History

The orc priest shouts, "Surrender to Beogh and we'll let you live!"
You slash something! Something completely misses you.
The orc priest calls down the wrath of Beogh upon you.
Beogh smites you!
You slash the orc priest!
The orc priest is almost dead.
You closely miss the orc priest. You miss something.
The orc priest invokes the aid of Beogh against you.
Beogh smites you!
The orc priest hits you but does no damage.
Something completely misses you. The orc priest hits you with a +0 club.
You closely miss the orc priest.
The orc priest shouts, "Beogh is our master!
Accept the truth or die!"
You completely miss something.
The orc priest shouts, "Join the one true god or die!" x2
You slash the orc priest!
You kill the orc priest!
Something hits you.
The orc priest mumbles some strange prayers to Beogh against you.
Beogh smites you!
* * * LOW HITPOINT WARNING * * *
The orc throws a boomerang.
There are monsters nearby!
You bump into the rock wall.
You feel less confused.
You hear some strange, mumbled words.
You are confused.
The orc priest casts a cantrip, but nothing happens.
The orc throws a boomerang.
The orc priest hits you with a +0 dagger.
* * * LOW HITPOINT WARNING * * *
The orc priest attacks as you move away!
The orc priest shouts, "Beogh is our master!
Accept the truth or die!"
The orc priest hits you but does no damage.
The orc priest attacks as you move away!
The orc priest hits you but does no damage.
The orc priest mumbles some strange prayers to Beogh against you.
Beogh smites you!
You die...
Xom guffaws!

# #.# #.# # #.#
#.# # #.#####.# #
#.......####.####
########.........
#.###.#### #.#
#.# ######### #@#
........# #.#
#######.# #o# #.#
#'# #.#


#ooS# #######.######.8.8$# .............#..$$.# #######......#.8.8.#
#########$_.## You could see 2 orc priests, an orc and a ball python.

Vanquished Creatures
  Sigmund (D:3)
  A scorpion (D:3)
  An orc priest (D:4)
  Jessica (D:2)
  6 adders
  A worm (D:2)
  3 dart slugs
  6 orcs (D:3)
  6 endoplasms
  4 giant cockroaches
  4 hobgoblins
  2 jackals (D:2)
  3 quokkas
  6 ball pythons
  4 bats
  3 frilled lizards
  3 goblins
  3 kobolds
  5 rats
63 creatures vanquished.

Vanquished Creatures (collateral kills)
  A bat (D:2)
  A frilled lizard (D:2)
2 creatures vanquished.

Vanquished Creatures (others)
  A fungus (D:1)
  A plant (D:1)
2 creatures vanquished.

Grand Total: 67 creatures vanquished

Notes
Turn   | Place    | Note
-------+----------+-------------------------------------------
     0 | D:1      | Frenzy the Hill Orc Chaos Knight began the quest for the
                  | Orb.
     0 | D:1      | Reached XP level 1. HP: 19/19 MP: 1/1
     9 | D:1      | XOM: silly message
    44 | D:1      | Found a faded altar of an unknown god.
    89 | D:1      | Got Plato's Compilation of Accompaniment
   110 | D:1      | Reached skill level 1 in Dodging
   141 | D:1      | XOM: confusion (+ monsters)
   148 | D:1      | Reached XP level 2. HP: 27/27 MP: 2/2
   198 | D:1      | XOM: silly message
   269 | D:1      | Reached XP level 3. HP: 33/33 MP: 3/3
   396 | D:1      | Found Noystrueff's Antique Armour Shoppe.
   628 | D:2      | XOM: enchant monster (good)
   671 | D:2      | XOM: scenery: 1 doors open
   717 | D:2      | XOM: scenery: create altars
   720 | D:2      | XOM: 1-stop teleportation journey
   756 | D:2      | Noticed Jessica
   759 | D:2      | XOM: give mutation
   759 | D:2      | Gained mutation: Armour fits poorly on your strangely
                  | shaped body. [Xom's mischief]
   760 | D:2      | Reached XP level 4. HP: 35/41 MP: 4/4
   763 | D:2      | Killed Jessica
   806 | D:2      | Reached skill level 5 in Axes
  1137 | D:2      | XOM: noise
  1211 | D:2      | Reached XP level 5. HP: 45/47 MP: 5/5
  1233 | D:3      | Found Lateer's Weapon Emporium.
  1234 | D:3      | Noticed Sigmund
  1237 | D:3      | XOM: chaos upgrade
  1264 | D:3      | Killed Sigmund
  1265 | D:3      | Reached skill level 5 in Fighting
  1265 | D:3      | Reached skill level 6 in Axes
  1265 | D:3      | Reached XP level 6. HP: 13/56 MP: 2/6
  1574 | D:3      | XOM: smoke on damage
  1640 | D:3      | XOM: 2-stop teleportation journey
  1796 | D:3      | Found Voarch's Book Shoppe.
  1998 | D:3      | Found Kuschoc's General Store.
  2150 | D:4      | Identified a scroll of acquirement
  2150 | D:4      | Acquired a +1 pair of boots of flying
  2255 | D:4      | Found a roughly hewn altar of Beogh.
  2266 | D:4      | Killed from afar by an orc priest

Illustrated notes

Levels and vault maps discovered:
D:1:      eino_arrival_water_cross, layout_basic,
          shapermc_ecumenical_altar_rom_forum, serial_shops,
          nicolae_shop_advertising_works [nicolae_subvault_shop_adworks]
D:2:      layout_loops_corners, uniq_jessica
D:3:      layout_basic, serial_shops, shop, nicolae_diamond_shop, shop,
          serial_park_tiny_2, uniq_sigmund
D:4:      layout_loops_ring, mainiacjoe_overflow_catwalk, lemuel_tele_altar,
          gammafunk_ghost_icy, kennysheep_orc_chapel

Skill      XL: |  1  2  3  4  5 |
---------------+----------------+-----
Dodging        | 1 |  1.5
Fighting       | 4 5 |  5.2
Axes           | 5 6 |  6.5
Armour         | 3 4 |  4.7
Stealth        | |  0.3

Action                   |  1- 3 |  4- 6 || total
-------------------------+-------+-------++-------
Melee: Hand axe          |    90 |    75 ||   165
       Punch             |       |     2 ||     2
       War axe           |       |    26 ||    26
Evoke: Piece from Xom's  |       |     1 ||     1
  Use: Scroll            |     2 |     1 ||     3
 Stab: Paralysed         |     1 |       ||     1
Armor: Plate armour      |    72 |    65 ||   137
Dodge: Dodged            |    28 |    32 ||    60
